Map: Miner Evacuation

Players

wasp

  • Race: Protoss Protoss

larsgj

  • Race: Terran Terran

VOD

Have the link to the VOD?

Description

Time

  • Played on: July 11, 2022, 5:47 a.m.
  • Length: 10:35
Show
View Real Time Build Order
Export as new Build Order

wasp Protoss 

Build Orders:  

Get SALT Encoding   

    1:04  Probe x12 (Chrono Boost)  
    1:18  Unknown x2  
  12  1:32  Assimilator  
  12  1:42  Assimilator  
  12  1:47  Probe (Chrono Boost)  
  13  2:01  Probe (Chrono Boost)  
  14  2:17  Pylon  
  14  2:56  Gateway  
  14  3:15  Pylon  
  14  3:21  Pylon  
  14  3:45  Pylon  
  14  4:12  Forge  
  14  4:27  Pylon  
  14  5:04  Photon Cannon  
  14  5:06  Photon Cannon  
  14  5:14  Photon Cannon  
  14  5:19  Photon Cannon  
  14  5:21  Photon Cannon  
  14  5:38  Photon Cannon  
  14  5:40  Photon Cannon  
  14  5:50  Photon Cannon  
  14  6:23  Photon Cannon  
  14  6:33  Photon Cannon  
  14  6:48  Photon Cannon  
  14  7:17  Photon Cannon  
  14  8:39  Photon Cannon  
  14  8:51  Photon Cannon  
  14  8:58  Photon Cannon  
  14  8:59  Photon Cannon  
  14  9:11  Photon Cannon  
Show
View Real Time Build Order
Export as new Build Order

larsgj Terran 

Build Orders:  

Get SALT Encoding   

    0:43  Orbital Command  
    1:01  SCV x12  
    1:18  Unknown  
  12  1:22  SCV  
  13  1:38  SCV  
  14  1:55  SCV  
  15  2:01  Supply Depot  
  15  2:12  SCV  
  16  2:28  Barracks  
  16  2:37  SCV  
  17  2:42  Refinery  
  17  2:45  Refinery  
  17  3:13  SCV  
  18  3:51  Factory  
  18  4:03  Engineering Bay  
  18  4:12  Orbital Command  
  18  4:53  Starport  
  18  5:05  Armory  
  18  5:15  Marine  
  19  5:25  Marine  
  20  5:35  Marine  
  21  5:54  Fusion Core  
  21  5:59  Starport Tech Lab  
  21  6:14  Supply Depot  
  18  7:26  Battlecruiser  
  24  7:39  Supply Depot  
  24  7:41  Supply Depot  
  24  7:46  Supply Depot  
  24  8:03  Starport  
Tags
 
Commander
ArtanisRaynor
Matchup
Co-op
Replay Pack
Multiplayer
Add a new tag
Caveats
  • Supply blocks, unpowered buildings, or Contaminate may cause inaccurate times.
  • Supply counts are checked every 10 seconds.